3R
SANTA FE REVOLVERS @ BALLARD BEAVERS
07/16/2034
 
TOP OF THE 1ST
Santa Fe Revolvers batting - Pitching for Ballard Beavers : RHP Steve Barnett
Pitching: RHP Steve Barnett
Batting: RHB Vesa Karpinen 0-0: Ball
1-0: Foul Ball, location: 2F
1-1: Called Strike
1-2: Ball
2-2: Strikes out swinging
Batting: LHB Carroll Stevens 0-0: Ball
1-0: Ball
2-0: Called Strike
2-1: Ball
3-1: Fly out, F5 (Popup, 5F)
Batting: RHB Timo Zwiefelhofer 0-0: Hit by Pitch
Batting: LHB Q' Drennan 0-0: Foul Ball, location: 2F
0-1: Fly out, F7 (Flyball, 78M)
Top of the 1st over - 0 runs, 0 hits, 0 errors, 1 left on base; Santa Fe 0 - Ballard 0
BOTTOM OF THE 1ST
Ballard Beavers batting - Pitching for Santa Fe Revolvers : RHP Neil Young
Pitching: RHP Neil Young
Batting: RHB Tony Hernández 0-0: Called Strike
0-1: Ball
1-1: Foul Ball, location: 2F
1-2: Strikes out swinging
Batting: RHB Joshua Cadaval 0-0: Called Strike
0-1: Foul Ball, location: 2F
0-2: Ground out 6-3 (Groundball, 6)
Batting: LHB Clint Caldwell 0-0: Called Strike
0-1: Ball
1-1: Swinging Strike
1-2: Ball
2-2: Ground out 6-3 (Groundball, 6S)
Bottom of the 1st over - 0 runs, 0 hits, 0 errors, 0 left on base; Santa Fe 0 - Ballard 0
TOP OF THE 2ND
Santa Fe Revolvers batting - Pitching for Ballard Beavers : RHP Steve Barnett
Batting: RHB Eric Landry 0-0: Foul Ball, location: 2F
0-1: Called Strike
0-2: Strikes out swinging
Batting: LHB Sean Cox 0-0: Ball
1-0: Ball
2-0: Foul Ball, location: 2F
2-1: Ball
3-1: Foul Ball, location: 2F
3-2: Strikes out swinging
Batting: RHB Sean Wallace 0-0: Fly out, F8 (Flyball, 8RD)
Top of the 2nd over - 0 runs, 0 hits, 0 errors, 0 left on base; Santa Fe 0 - Ballard 0
BOTTOM OF THE 2ND
Ballard Beavers batting - Pitching for Santa Fe Revolvers : RHP Neil Young
Batting: LHB Armando Cedeño 0-0: Foul Ball, location: 2F
0-1: Ball
1-1: Foul Ball, location: 2F
1-2: Ball
2-2: SINGLE (Groundball, 56D)
Batting: SHB Rafael Bregonzi 0-0: Ball
1-0: SINGLE (Groundball, 34) (infield hit)
Armando Cedeño to second
Batting: RHB Juan Jose Guerrero 0-0: Called Strike
0-1: Called Strike
0-2: Strikes out swinging
Batting: SHB Alberto González 0-0: Ball
1-0: Ball
2-0: Called Strike
2-1: Ball
3-1: Fly out, F5 (Popup, 5S)
Batting: RHB Roger Campbell 0-0: Ball
1-0: Ball
2-0: Ball
3-0: Called Strike
3-1: Fly out, F8 (Line Drive, 8LD)
Bottom of the 2nd over - 0 runs, 2 hits, 0 errors, 2 left on base; Santa Fe 0 - Ballard 0
TOP OF THE 3RD
Santa Fe Revolvers batting - Pitching for Ballard Beavers : RHP Steve Barnett
Batting: LHB Robert Fouquet 0-0: Ball
1-0: Called Strike
1-1: Swinging Strike
1-2: Ball
2-2: Ground out U3 (Groundball, 3)
Batting: RHB Gerold Kent 0-0: Swinging Strike
0-1: Ground out 5-3 (Groundball, 56)
Batting: RHB Vesa Karpinen 0-0: Ball
1-0: Ball
2-0: Fly out, F9 (Flyball, 9LS)
Top of the 3rd over - 0 runs, 0 hits, 0 errors, 0 left on base; Santa Fe 0 - Ballard 0
BOTTOM OF THE 3RD
Ballard Beavers batting - Pitching for Santa Fe Revolvers : RHP Neil Young
Batting: SHB Pedro Montoya 0-0: Called Strike
0-1: SINGLE (Groundball, 13) (infield hit)
Batting: RHB Tony Hernández 0-0: Fly out, F8 (Flyball, 8RM)
Batting: RHB Joshua Cadaval 0-0: Swinging Strike
0-1: Ground out 6-3 (Groundball, 6)
Pedro Montoya to second
Batting: LHB Clint Caldwell 0-0: Ball
1-0: Fly out, F9 (Flyball, 9LMF)
Bottom of the 3rd over - 0 runs, 1 hit, 0 errors, 1 left on base; Santa Fe 0 - Ballard 0
TOP OF THE 4TH
Santa Fe Revolvers batting - Pitching for Ballard Beavers : RHP Steve Barnett
Batting: LHB Carroll Stevens 0-0: Called Strike
0-1: Ball
1-1: Called Strike
1-2: Ball
2-2: Foul Ball, location: 2F
2-2: Fly out, F6 (Popup, 5D)
Batting: RHB Timo Zwiefelhofer 0-0: Ball
1-0: SINGLE (Line Drive, 34D)
Batting: LHB Q' Drennan 0-0: Ball
1-0: Foul Ball, location: 2F
1-1: Foul Ball, location: 2F
1-2: Foul Ball, location: 2F
1-2: Ball
2-2: Fly out, F8 (Flyball, 89XD)
Batting: RHB Eric Landry 0-0: Called Strike
0-1: Called Strike
0-2: Foul Ball, location: 2F
0-2: Ground out 5-3 (Groundball, 56)
Top of the 4th over - 0 runs, 1 hit, 0 errors, 1 left on base; Santa Fe 0 - Ballard 0
BOTTOM OF THE 4TH
Ballard Beavers batting - Pitching for Santa Fe Revolvers : RHP Neil Young
Batting: LHB Armando Cedeño 0-0: Fly out, F7 (Flyball, 7S)
Batting: SHB Rafael Bregonzi 0-0: Ground out 1-3 (Groundball, 15S)
Batting: RHB Juan Jose Guerrero 0-0: Called Strike
0-1: Swinging Strike
0-2: Strikes out swinging
Bottom of the 4th over - 0 runs, 0 hits, 0 errors, 0 left on base; Santa Fe 0 - Ballard 0
TOP OF THE 5TH
Santa Fe Revolvers batting - Pitching for Ballard Beavers : RHP Steve Barnett
Batting: LHB Sean Cox 0-0: Fly out, F8 (Flyball, 78M)
Batting: RHB Sean Wallace 0-0: Called Strike
0-1: Swinging Strike
0-2: Ball
1-2: Foul Ball, location: 2F
1-2: Strikes out swinging
Batting: LHB Robert Fouquet 0-0: Called Strike
0-1: Ball
1-1: Ball
2-1: Foul Ball, location: 2F
2-2: SINGLE (Groundball, 6D)
Batting: RHB Gerold Kent 0-0: Called Strike
0-1: SINGLE (Groundball, 6S) (infield hit)
Robert Fouquet to second
Batting: RHB Vesa Karpinen 0-0: Called Strike
0-1: Swinging Strike
0-2: Strikes out swinging
Top of the 5th over - 0 runs, 2 hits, 0 errors, 2 left on base; Santa Fe 0 - Ballard 0
BOTTOM OF THE 5TH
Ballard Beavers batting - Pitching for Santa Fe Revolvers : RHP Neil Young
Batting: SHB Alberto González 0-0: Swinging Strike
0-1: Ball
1-1: Called Strike
1-2: Foul Ball, location: 2F
1-2: Foul Ball, location: 2F
1-2: Foul Ball, location: 2F
1-2: Ball
2-2: DOUBLE (Groundball, 3L)
Batting: RHB Roger Campbell 0-0: Intentional Walk
Batting: SHB Pedro Montoya 0-0: Grounds into double play, 4-6-3 (Groundball, 34)
Alberto González to third
Batting: RHB Tony Hernández 0-0: Ball
1-0: Fly out, F9 (Line Drive, 89D)
Bottom of the 5th over - 0 runs, 1 hit, 0 errors, 1 left on base; Santa Fe 0 - Ballard 0
TOP OF THE 6TH
Santa Fe Revolvers batting - Pitching for Ballard Beavers : RHP Steve Barnett
Batting: LHB Carroll Stevens 0-0: Ball
1-0: Ball
2-0: Ball
3-0: Base on Balls
Batting: RHB Timo Zwiefelhofer 0-0: Ball
1-0: Grounds into double play, 4-6-3 (Groundball, 4M)
Batting: LHB Q' Drennan 0-0: Ball
1-0: Ball
2-0: Called Strike
2-1: Foul Ball, location: 2F
2-2: SINGLE (Groundball, 4D)
Batting: RHB Eric Landry 0-0: Called Strike
0-1: Called Strike
Q' Drennan is caught stealing 2nd base
Top of the 6th over - 0 runs, 1 hit, 0 errors, 0 left on base; Santa Fe 0 - Ballard 0
BOTTOM OF THE 6TH
Ballard Beavers batting - Pitching for Santa Fe Revolvers : RHP Neil Young
Batting: RHB Joshua Cadaval 0-0: Ball
1-0: Called Strike
1-1: Foul Ball, location: 2F
1-2: Ball
2-2: Foul Ball, location: 2F
2-2: Ball
3-2: Foul Ball, location: 2F
3-2: Base on Balls
Batting: LHB Clint Caldwell 0-0: Called Strike
0-1: Ball
1-1: Fly out, F4 (Popup, 34D)
Batting: LHB Armando Cedeño 0-0: Ball
1-0: Ball
2-0: Called Strike
2-1: SINGLE (Line Drive, 9)
Joshua Cadaval to second
Runner from 2nd tries for 3rd, SAFE, throw made to third
Batting: SHB Rafael Bregonzi 0-0: SINGLE (Groundball, 56D)
Joshua Cadaval scores
Armando Cedeño to second
Batting: RHB Juan Jose Guerrero 0-0: Swinging Strike
0-1: Called Strike
0-2: Foul Ball, location: 2F
0-2: Foul Ball, location: 2F
0-2: Foul Ball, location: 2F
0-2: Strikes out looking
Batting: SHB Alberto González 0-0: Called Strike
0-1: Foul Ball, location: 2F
0-2: Ball
1-2: Strikes out swinging
Bottom of the 6th over - 1 run, 2 hits, 0 errors, 2 left on base; Santa Fe 0 - Ballard 1
TOP OF THE 7TH
Santa Fe Revolvers batting - Pitching for Ballard Beavers : RHP Steve Barnett
Batting: RHB Eric Landry 0-0: Called Strike
0-1: Called Strike
0-2: Ball
1-2: Ball
2-2: Ground out 6-3 (Groundball, 6)
Batting: LHB Sean Cox 0-0: Swinging Strike
0-1: Ball
1-1: Ball
2-1: Foul Ball, location: 2F
2-2: Strikes out swinging
Batting: RHB Sean Wallace 0-0: SINGLE (Groundball, 4) (infield hit)
Pitching: LHP Barney Padgett
Pinch Hitting: LHB Todd Pritchard 0-0: Called Strike
0-1: Foul Ball, location: 2F
0-2: Strikes out swinging
Top of the 7th over - 0 runs, 1 hit, 0 errors, 1 left on base; Santa Fe 0 - Ballard 1
BOTTOM OF THE 7TH
Ballard Beavers batting - Pitching for Santa Fe Revolvers : RHP Neil Young
Now in RF: Javier Silva
Batting: RHB Roger Campbell 0-0: Called Strike
0-1: Fly out, F9 (Flyball, 9LMF)
Batting: SHB Pedro Montoya 0-0: Ball
1-0: Called Strike
1-1: Foul Ball, location: 2F
1-2: Ball
2-2: Foul Ball, location: 2F
2-2: Strikes out swinging
Batting: RHB Tony Hernández 0-0: Ball
1-0: SINGLE (Line Drive, 5)
Batting: RHB Joshua Cadaval 0-0: Ground out 5-3 (Groundball, 56S)
Bottom of the 7th over - 0 runs, 1 hit, 0 errors, 1 left on base; Santa Fe 0 - Ballard 1
TOP OF THE 8TH
Santa Fe Revolvers batting - Pitching for Ballard Beavers : LHP Barney Padgett
Batting: RHB Gerold Kent 0-0: Ball
1-0: Ball
2-0: Called Strike
2-1: SINGLE (Line Drive, 34)
Pitching: RHP António Castro
Batting: RHB Vesa Karpinen 0-0: Sac Bunt - play at first, batter OUT! 1-4
Gerold Kent to second
Batting: LHB Carroll Stevens 0-0: Ball
1-0: SINGLE (Flyball, 7S)
Gerold Kent to third
Batting: RHB Timo Zwiefelhofer 0-0: Ball
1-0: Fly out, F7 (Flyball, 7S)
Batting: LHB Q' Drennan 0-0: Ball
1-0: Called Strike
1-1: Foul Ball, location: 2F
1-2: Strikes out swinging
Top of the 8th over - 0 runs, 2 hits, 0 errors, 2 left on base; Santa Fe 0 - Ballard 1
BOTTOM OF THE 8TH
Ballard Beavers batting - Pitching for Santa Fe Revolvers : RHP Neil Young
Batting: LHB Clint Caldwell 0-0: Swinging Strike
0-1: Called Strike
0-2: Strikes out swinging
Batting: LHB Armando Cedeño 0-0: Ball
1-0: Ball
2-0: Foul Ball, location: 2F
2-1: Ball
3-1: SOLO HOME RUN (Flyball, 9LD), Distance : 361 ft
Batting: SHB Rafael Bregonzi 0-0: Foul Ball, location: 2F
0-1: Ball
1-1: Ball
2-1: Called Strike
2-2: Ball
3-2: Strikes out looking
Batting: RHB Juan Jose Guerrero 0-0: Ball
1-0: Called Strike
1-1: Foul Ball, location: 2F
1-2: Foul Ball, location: 2F
1-2: Ball
2-2: Foul Ball, location: 2F
2-2: Strikes out swinging
Bottom of the 8th over - 1 run, 1 hit, 0 errors, 0 left on base; Santa Fe 0 - Ballard 2
TOP OF THE 9TH
Santa Fe Revolvers batting - Pitching for Ballard Beavers : RHP António Castro
Pitching: RHP Kian-zhi Zhou
Batting: RHB Eric Landry 0-0: Called Strike
0-1: Fly out, F3 (Popup, 34)
Batting: LHB Sean Cox 0-0: Ball
1-0: Foul Ball, location: 2F
1-1: Ground out 6-3 (Groundball, 6)
Batting: RHB Sean Wallace 0-0: Ball
1-0: Called Strike
1-1: Foul Ball, location: 2F
1-2: Foul Ball, location: 2F
1-2: Ground out 5-3 (Groundball, 56S)
Top of the 9th over - 0 runs, 0 hits, 0 errors, 0 left on base; Santa Fe 0 - Ballard 2
Friday, March 29th, 2019 - OOTP Baseball 18.8 Build 76